 Dungeon Crawl Stone Soup version 0.29-a0-857-g9b1aa3ac5b (webtiles) character file.

Game seed: 13362774358601639143

4 concernfroge the Trooper (level 1, 0/18 HPs)
             Began as a Mummy Monk on July 16, 2022.
             Slain by a quokka (1 damage)
             ... on level 1 of the Dungeon.
             The game lasted 00:01:54 (61 turns).

concernfroge the Trooper (Mummy Monk)                 Turns: 61, Time: 00:01:55

Health: 0/18       AC:  2    Str: 14    XL:     1   Next: 50%
Magic:  1/1        EV: 12    Int:  9    God:
Gold:   21         SH:  0    Dex: 14    Spells: 0/0 levels left

rFire   x . .      SeeInvis .   a - +0 hand axe
rCold   + . .      Faith    .   (no shield)
rNeg    + + +      Spirit   .   b - +0 robe
rPois   ∞          Reflect  .   (no helmet)
rElec   .          Harm     .   (no cloak)
rCorr   .          Rampage  .   (no gloves)
Will    .....                   (no boots)
Stlth   ++........              (no amulet)
HPRegen 0.06/turn               (no ring)
MPRegen 0.07/turn               (no ring)

@: no status effects
A: cold resistance 1, negative energy resistance 3, torment resistance 2, heat
vulnerability 1, no potions
a: no special abilities


You were on level 1 of the Dungeon.
You visited 1 branch of the dungeon, and saw 1 of its levels.

You collected 21 gold pieces.

Inventory:

Hand Weapons
 a - a +0 hand axe (weapon)
Armour
 b - a +0 robe (worn)


   Skills:
 + Level 3.3 Fighting
 - Level 2.4 Axes
 - Level 2.4 Dodging
 - Level 1.5 Stealth


You couldn't memorise any spells.
You didn't know any spells.
Your spell library was empty.

Dungeon Overview and Level Annotations

Branches:
Dungeon (1/15)

Altars:


Innate Abilities, Weirdness & Mutations

You are immune to poison.
Your flesh is cold resistant. (rC+)
You are immune to negative energy. (rN+++)
You are immune to unholy pain and torment.
You are vulnerable to heat. (rF-)
You do not drink.


Message History

There is a large open door here.
You now have 21 gold pieces (gained 9).
You open the door.
A hobgoblin comes into view.
There is an open door here.
You hit the hobgoblin.
You kill the hobgoblin!
No target in view!
A hobgoblin and a kobold come into view.
A quokka comes into view.
The hobgoblin hits you.
You hit the hobgoblin.
The hobgoblin is almost dead.
The kobold shouts!
The hobgoblin barely misses you.
You barely miss the hobgoblin.
The hobgoblin is almost dead.
You hit the kobold. The hobgoblin hits you.
The kobold hits you but does no damage.
You are too injured to fight recklessly!
You hit the kobold.
You kill the kobold!
You hit the hobgoblin.
You kill the hobgoblin!
Things that are here:
a +0 club; a stone; a kobold corpse The quokka misses you.
You hit the quokka.
The quokka is moderately wounded.
The quokka closely misses you. x2
You closely miss the quokka. The quokka bites you.
* * * LOW HITPOINT WARNING * * *
You closely miss the quokka. The quokka bites you.
* * * LOW HITPOINT WARNING * * *
You hit the quokka but do no damage. The quokka barely misses you. x2
You barely miss the quokka. The quokka misses you.
You hit the quokka but do no damage. The quokka bites you.
* * * LOW HITPOINT WARNING * * *
The quokka bites you.
You die...

#.#.# #.#.# ...#
#..# #..## #...#
###..#######
........#
#...)@r....#
........#
#.##..####.#
........# #.##..#
........####.##..#
....[...#....###..
........#....#
#..#
........#....#
#..#
........'.†..#
##.#
........#...##


You could see a quokka.

Vanquished Creatures
  2 hobgoblins (D:1)
  A kobold (D:1)
3 creatures vanquished.

Notes
Turn   | Place    | Note
-------+----------+-------------------------------------------
     0 | D:1      | concernfroge the Mummy Monk began the quest for the Orb.
     0 | D:1      | Reached XP level 1. HP: 18/18 MP: 1/1
    61 | D:1      | Slain by a quokka

Illustrated notes

Levels and vault maps discovered:
D:1:      lightli_arrival_chessboard, layout_basic,
          ebering_ecumenical_altar_sacrificial, minmay_pentomino_o2

Action                   || total
-------------------------++-------
Melee: Hand axe          ||    10
Armor: Robe              ||     1
Dodge: Dodged            ||     7

Table legend: (Time is in decaauts)
 A = Elapsed time spent in this place.
 B = Non-inter-level travel time spent in this place.
 C = Inter-level travel time spent in this place.
 D = Time resting spent in this place.
 E = Time spent auto-exploring this place.
 F = Levels seen in this place.
 G = Mean time per level.
                   A        B        C        D        E       F      G
               +--------+--------+--------+--------+--------+-----+--------+
         Total |     62 |     62 |      0 |      0 |     42 |   1 |   62.0 |
       Dungeon |     62 |     62 |      0 |      0 |     42 |   1 |   62.0 |
               +--------+--------+--------+--------+--------+-----+--------+

Top non-repeatable levels by time:
     D:1: 62 daAuts
